 Dungeon Crawl Stone Soup version 0.30-a0-719-gcc4359ea44 (webtiles) character file.

Game seed: 12498128398557165963

9709 mandoloar the Thaumaturge (level 11, -3/62 HPs)
             Began as a Deep Elf Conjurer on Jan 27, 2023.
             Was an Elder of Vehumet.
             Slain by a two-headed ogre
             ... wielding a +0 giant club
              (23 damage)
             ... on level 11 of the Dungeon.
             The game lasted 00:54:47 (15369 turns).

mandoloar the Thaumaturge (Deep Elf Conjurer)      Turns: 15369, Time: 00:54:48

Health: -3/62      AC:  7    Str:  4    XL:     11   Next: 26%
Magic:  14/29      EV: 10    Int: 40    God:    Vehumet [****..]
Gold:   373        SH:  7    Dex: 13    Spells: 19/35 levels left

rFire   . . .      SeeInvis .    a - +4 short sword
rCold   . . .      Faith    .    z - +0 kite shield
rNeg    . . .      Spirit   .    E - +0 acid dragon scales
rPois   .          Reflect  .    A - +0 helmet
rElec   .          Harm     .    (no cloak)
rCorr   +          Rampage  .    (no gloves)
Will    +....                    (no boots)
Stlth   ++++                     (no amulet)
HPRegen 0.30/turn                w - +6 ring of intelligence
MPRegen 0.21/turn                e - +6 ring of intelligence

@: very slightly contaminated
A: no striking features
a: Renounce Religion


You were on level 11 of the Dungeon.
You worshipped Vehumet.
Vehumet was greatly pleased with you.
You visited 2 branches of the dungeon, and saw 12 of its levels.

You collected 805 gold pieces.
You spent 432 gold pieces at shops.

Inventory:

Hand Weapons
 a - a +4 short sword (weapon)
Missiles
 o - 6 throwing nets
Armour
 z - a +0 kite shield (worn)
 A - a +0 helmet (worn)
 B - the +0 leather armour of the Lost Path {rCorr Int+3}
   (You found it on level 9 of the Dungeon)

   Int:       It affects your intelligence (+3).
   rCorr:     It protects you from acid and corrosion.
 E - +0 acid dragon scales (worn)
Jewellery
 c - a +5 ring of evasion
 e - a +6 ring of intelligence (right hand)
 s - a ring of positive energy
 w - a +6 ring of intelligence (left hand)
Wands
 h - a wand of quicksilver (11)
 j - a wand of roots (10)
 n - a wand of charming (13)
 u - a wand of polymorph (9)
Scrolls
 v - a scroll of amnesia
 y - a scroll of enchant weapon {unknown}
 C - 2 scrolls of identify
 D - a scroll of blinking {unknown}
Potions
 b - 2 potions of magic
 d - 2 potions of attraction
 f - 3 potions of ambrosia
 g - 3 potions of brilliance
 i - 3 potions of heal wounds
 k - 4 potions of curing
 l - a potion of berserk rage {unknown}
 m - a potion of invisibility {unknown}
 p - a potion of mutation {unknown}
 q - 2 potions of flight {unknown}
 r - a potion of cancellation {unknown}
 t - a potion of resistance
 x - 2 potions of might {unknown}


   Skills:
 + Level 4.9 Fighting
 + Level 7.8 Dodging
 - Level 9.0 Stealth
 + Level 12.5 Spellcasting
 + Level 11.2 Conjurations
 + Level 4.4 Hexes
 - Level 1.5 Translocations
 + Level 2.2 Transmutations


You had 19 spell levels left.
You knew the following spells:

 Your Spells              Type           Power      Damage    Failure   Level
a - Magic Dart            Conj           100%       1d8       1%          1
b - Searing Ray           Conj           100%       2d8       1%          2
c - Fulminant Prism       Conj/Hex       36%        3d17      1%          4
d - Iskenderun's Mystic   Conj/Tloc      66%        2d14      2%          4
e - Yara's Violent Unrav  Hex/Tmut       25%        3d11      22%         5

Your spell library contained the following spells:

 Spells                   Type           Power      Damage    Failure   Level
 Dazzling Flash           Conj/Hex       100%       N/A       1%          3
 Hailstorm                Conj/Ice       63%        3d13      1%          3
 Freeze                   Ice            100%       1d10      3%          1
 Sticky Flame             Conj/Fire      63%        2d8       3%          4
 Apportation              Tloc           74%        N/A       7%          1
 Ignite Poison            Fire/Tmut/Pois 31%        N/A       7%          3
 Frozen Ramparts          Ice            50%        1d8       11%         3
 Necrotise                Necr           100%       1d9       12%         1
 Summon Small Mammal      Summ           100%       N/A       12%         1
 Ignition                 Fire           12%        3d6       100%        8


Dungeon Overview and Level Annotations

Branches:
Dungeon (11/15)            Temple (1/1) D:4             Orc (0/2) D:10
   Lair: D:8-11

Altars:
Ashenzari
Cheibriados
Dithmenos
Elyvilon
Fedhas
Gozag
Hepliaklqana
Kikubaaqudgha
Makhleb
Nemelex Xobeh
Okawaru
Qazlal
Ru
Sif Muna
Trog
Uskayaw
Vehumet
Wu Jian
Xom
Yredelemnul
Zin
The Shining One
Lugonu

Shops:
D:7 [   D:9 =

Annotations:
D:3 1 runed translucent door, NinjaNoafa's ghost, amateur GrEE


Message History

The two-headed ogre shouts in stereo!
Casting: Fulminant Prism (dangerous; 1% risk of failure)
Confirm with . or Enter, or press ? or * to list all spells.
Aiming: Fulminant Prism (dangerous; 1% risk of failure)
Press: ? - help, Dir - move target You conjure a prism of explosive energy!
A fulminant prism comes into view.
Your fulminant prism crackles loudly.
The two-headed ogre attacks as you move away!
The two-headed ogre hits you with a +0 giant club!
The two-headed ogre hits you with a +0 dire flail!
Your fulminant prism explodes!
The blast of energy engulfs the two-headed ogre!!
The two-headed ogre is moderately wounded.
Casting: Fulminant Prism (dangerous; 1% risk of failure)
Confirm with . or Enter, or press ? or * to list all spells.
Aiming: Fulminant Prism (dangerous; 1% risk of failure)
Press: ? - help, Dir - move target You conjure a prism of explosive energy!
A fulminant prism comes into view.
Your fulminant prism crackles loudly.
Your fulminant prism explodes!
The blast of energy engulfs the two-headed ogre!!
The two-headed ogre is almost dead.
Casting: Fulminant Prism (dangerous; 1% risk of failure)
Confirm with . or Enter, or press ? or * to list all spells.
You miscast Iskenderun's Mystic Blast.
You are very lightly contaminated with residual magic.
Nothing appears to happen.
The two-headed ogre hits you with a +0 giant club!
The two-headed ogre hits you with a +0 dire flail!
Okay, then.
Casting: Iskenderun's Mystic Blast (dangerous; 2% risk of failure)
Confirm with . or Enter, or press ? or * to list all spells.
Aiming: Fulminant Prism (dangerous; 1% risk of failure)
Press: ? - help, Dir - move target You conjure a prism of explosive energy!
A fulminant prism comes into view.
The two-headed ogre hits you with a +0 giant club!!
You die...

#..........#
#####.######
#. ## .# .#
#######.####
#........<..
#...@.......
#...O..$....
#....*......
#..?........
#...........
#..<........
#...........
#...........
###########.


You could see a two-headed ogre (ally target) and a friendly fulminant prism.

Vanquished Creatures
  A two-headed ogre (D:10)
  Pikel (D:8)
  3 kobold demonologists (D:9)
  2 hornets
  A wyvern (D:10)
  3 wraiths
  6 yaks
  A steam dragon (D:8)
  Grum (D:10)
  2 acid dragons
  A water moccasin (D:7)
  2 sky beasts
  4 orc warriors
  2 ogres (D:6)
  3 wolves (D:10)
  4 centaurs
  3 phantoms
  2 kobold brigands (D:9)
  3 bullfrogs
  A necrophage (D:7)
  3 gnoll sergeants
  3 scorpions
  27 wights
  9 killer bees
  2 howler monkeys (D:7)
  2 electric eels (D:10)
  6 orc priests
  4 hounds
  2 jellies
  3 iguanas
  10 orc wizards
  37 gnolls
  11 adders
  A river rat (D:5)
  A white imp (D:6)
  A worm (D:5)
  50 orcs
  4 ball pythons
  3 bats
  11 endoplasms
  A giant cockroach (D:1)
  11 goblins
  6 hobgoblins
  20 kobolds
  7 quokkas
  3 frilled lizards
  9 rats
293 creatures vanquished.

Vanquished Creatures (others)
  126 fulminant prisms
  3 fungi (D:4)
129 creatures vanquished.

Grand Total: 422 creatures vanquished

Notes
Turn   | Place    | Note
-------+----------+-------------------------------------------
     0 | D:1      | mandoloar the Deep Elf Conjurer began the quest for the
                  | Orb.
     0 | D:1      | Reached XP level 1. HP: 10/10 MP: 6/6
   471 | D:1      | Reached XP level 2. HP: 15/15 MP: 5/8
   824 | D:1      | Learned a level 2 spell: Searing Ray
  1342 | D:2      | Reached XP level 3. HP: 19/19 MP: 6/10
  1735 | D:2      | Reached skill level 4 in Spellcasting
  1735 | D:2      | Reached skill level 5 in Conjurations
  1988 | D:2      | Reached XP level 4. HP: 24/24 MP: 7/12
  2755 | D:3      | Noticed NinjaNoafa's ghost (amateur GrEE)
  3002 | D:3      | Reached skill level 5 in Spellcasting
  3002 | D:3      | Reached XP level 5. HP: 9/28 MP: 7/14
  3389 | D:3      | Noticed a phantom
  3408 | D:3      | Killed a phantom
  3653 | D:3      | Found a runed translucent door.
  3705 | D:3      | Found a hazy altar of Hepliaklqana.
  3941 | D:4      | Learned a level 4 spell: Fulminant Prism
  3946 | D:4      | Learned a level 4 spell: Iskenderun's Mystic Blast
  3965 | D:4      | Reached XP level 6. HP: 7/32 MP: 4/16
  4507 | D:4      | Found a sparkling altar of Nemelex Xobeh.
  4534 | D:4      | Reached skill level 6 in Spellcasting
  4710 | D:4      | Found an ancient bone altar of Kikubaaqudgha.
  4808 | D:4      | Found a staircase to the Ecumenical Temple.
  4816 | Temple   | Entered the Ecumenical Temple
  4831 | Temple   | Became a worshipper of Vehumet
  4886 | D:4      | Reached skill level 5 in Stealth
  4963 | D:4      | Reached XP level 7. HP: 30/36 MP: 2/18
  5402 | D:4      | Found a shimmering blue altar of Sif Muna.
  6035 | D:5      | Entered Level 5 of the Dungeon
  6063 | D:5      | Found a shimmering altar of Xom.
  6063 | D:5      | Found a sacrificial altar of Ru.
  6064 | D:5      | Found a snail-covered altar of Cheibriados.
  6064 | D:5      | Found an opulent altar of Gozag.
  6072 | D:5      | Reached skill level 7 in Spellcasting
  6549 | D:5      | Noticed a hornet
  6718 | D:5      | Reached * piety under Vehumet
  6718 | D:5      | Offered knowledge of Sandblast by Vehumet.
  6983 | D:5      | Killed a hornet
  6984 | D:5      | Reached skill level 8 in Spellcasting
  6984 | D:5      | Reached XP level 8. HP: 41/41 MP: 14/22
  8081 | D:7      | Reached skill level 9 in Spellcasting
  8223 | D:6      | Found a shadowy altar of Dithmenos.
  8500 | D:7      | Reached ** piety under Vehumet
  8500 | D:7      | Offered knowledge of Momentum Strike by Vehumet.
  9063 | D:7      | Reached XP level 9. HP: 40/45 MP: 15/24
  9261 | D:7      | Found Huam's Antique Armour Boutique.
  9304 | D:7      | Reached skill level 10 in Spellcasting
  9449 | D:7      | Found a bloodstained altar of Trog.
  9776 | D:8      | Reached skill level 1 in Fighting
 10390 | D:8      | Offered knowledge of Kindle Blastsparks by Vehumet.
 10401 | D:8      | Reached skill level 5 in Dodging
 10618 | D:8      | Reached skill level 11 in Spellcasting
 10618 | D:8      | Reached skill level 10 in Conjurations
 10680 | D:8      | Reached XP level 10. HP: 56/56 MP: 20/27
 10751 | D:8      | Reached *** piety under Vehumet
 10803 | D:8      | Noticed Pikel
 10812 | D:8      | Killed Pikel
 11603 | D:9      | Offered knowledge of Inner Flame by Vehumet.
 11744 | D:10     | Entered Level 10 of the Dungeon
 11960 | D:9      | Found a glowing golden altar of the Shining One.
 11961 | D:9      | Found a white marble altar of Elyvilon.
 11963 | D:9      | Found a glowing silver altar of Zin.
 12081 | D:9      | Reached skill level 1 in Hexes
 12081 | D:9      | Reached skill level 1 in Translocations
 12083 | D:9      | Reached **** piety under Vehumet
 12324 | D:9      | Found Zywololo's Jewellery Boutique.
 12332 | D:9      | Bought a +6 ring of intelligence for 432 gold pieces
 12443 | D:9      | Reached skill level 12 in Spellcasting
 12672 | D:9      | Identified the +0 leather armour of the Lost Path {rCorr
                  | Int+3}
 13202 | D:10     | Offered knowledge of Yara's Violent Unravelling by Vehumet.
 13424 | D:9      | Learned a level 5 spell: Yara's Violent Unravelling
 13844 | D:10     | Noticed Grum
 13850 | D:10     | Killed Grum
 13856 | D:10     | Reached skill level 1 in Transmutations
 13856 | D:10     | Reached XP level 11. HP: 62/62 MP: 15/29
 14454 | D:10     | Found a staircase to the Orcish Mines.
 14555 | D:11     | Noticed a two-headed ogre
 14852 | D:10     | Noticed a two-headed ogre
 14863 | D:10     | Killed a two-headed ogre
 15369 | D:11     | Slain by a two-headed ogre

Illustrated notes

Levels and vault maps discovered:
D:1:      co_arrival_two_rings, layout_basic
D:2:      layout_rooms, hangedman_abyss_or_decor_stabs, minmay_misc_feat_chi,
          hangedman_decor_slide_cut, nicolae_concentric_dashed_squares_mild,
          grunt_ministairs_8, minmay_statues_item, chequers_decorated_corner
D:3:      layout_loops_corners, mainiacjoe_overflow_catwalk,
          hellmonk_ghost_happy_afterlife
D:4:      layout_layer_cave, mainiacjoe_overflow_tiny_flanked,
          mainiacjoe_overflow_24_doors, nemelex_xobeh_ov_fountains_minmay,
          minmay_temple_entry_mini_moons, serial_glass, glass_columns_a,
          glass_columns_b, glass_columns_b, glass_columns_b, glass_columns_a,
          glass_columns_b, due_unseen_surprise, dreamdust_gnoll_farm
D:5:      layout_loops_ring, chequers_temple_overflow_statue_of_worship,
          lightli_sewer_entry_pipes, minivault_26, skrybe_limestone_x
D:6:      layout_basic, mainiacjoe_overflow_boulevard
D:7:      layout_gridville, kennysheep_mini_moat, serial_shops, shop
D:8:      minmay_spotlight, layout_basic, nicolae_ossuary_entry_monument,
          enter_bailey_6, patterned_corridor, uniq_pikel
D:9:      layout_grid_maze, good_gods_mini_temple, serial_shops, shop
D:10:     layout_basic, erik_orc_3, uniq_grum
D:11:     layout_roguey, lair_entry_dummy, serial_glass, glass_columns_a,
          glass_columns_a, kennysheep_cross_room, due_unseen_surprise
Temple:   corrupted_temple

Skill      XL: |  1  2  3  4  5  6  7  8  9 10 11 |
---------------+----------------------------------+-----
Spellcasting   | 4 5 6 8 9 11 12 | 12.5
Conjurations   | 5 6 7 8 10 11 | 11.2
Stealth        | 3 4 5 7 8 9 |  9.0
Dodging        | 5 7 |  7.8
Fighting       | 3 4 |  4.9
Hexes          | 3 4 |  4.4
Translocations | 1 |  1.5
Transmutations | 1 2 |  2.2

Action                     |  1- 3 |  4- 6 |  7- 9 | 10-12 || total
---------------------------+-------+-------+-------+-------++-------
   Cast: Magic Dart        |    47 |    52 |   100 |    32 ||   231
         Searing Ray       |     4 |    15 |    38 |     9 ||    66
         Iskenderun's Myst |       |     1 |     2 |     5 ||     8
         Fulminant Prism   |       |     4 |    37 |    86 ||   127
    Use: Scroll            |     3 |     5 |     6 |     3 ||    17
 Armour: Robe              |     2 |    13 |     7 |       ||    22
         Acid dragon scale |       |       |       |     1 ||     1
  Dodge: Dodged            |    16 |    21 |    37 |    13 ||    87
  Block: Kite shield       |       |       |       |     5 ||     5

Table legend: (Time is in decaauts)
 A = Elapsed time spent in this place.
 B = Non-inter-level travel time spent in this place.
 C = Inter-level travel time spent in this place.
 D = Time resting spent in this place.
 E = Time spent auto-exploring this place.
 F = Levels seen in this place.
 G = Mean time per level.
                   A        B        C        D        E       F      G
               +--------+--------+--------+--------+--------+-----+--------+
         Total |  15480 |  15067 |    413 |   5540 |   6143 |  12 | 1290.0 |
       Dungeon |  15433 |  15033 |    400 |   5540 |   6120 |  11 | 1403.0 |
        Temple |     46 |     33 |     13 |      0 |     23 |   1 |   46.0 |
               +--------+--------+--------+--------+--------+-----+--------+

Top non-repeatable levels by time:
     D:9: 2309 daAuts
     D:4: 2012 daAuts
     D:8: 1797 daAuts
     D:2: 1555 daAuts
    D:10: 1517 daAuts
     D:5: 1438 daAuts
     D:1: 1312 daAuts
     D:6: 1208 daAuts
     D:3: 1151 daAuts
     D:7: 1116 daAuts
  Temple: 46 daAuts
    D:11: 12 daAuts
